 Dungeon Crawl Stone Soup version 0.31.0-10-gcf4a605ca0 (webtiles) character file.

Game seed: 12558835228431955928

565 Arcadio the Ducker (level 7, 0/55 HPs)
             Began as a Merfolk Shapeshifter on Jan 25, 2024.
             Slain by a ball python (3 damage)
             ... on level 5 of the Dungeon.
             The game lasted 00:04:52 (2742 turns).

Arcadio the Ducker (Merfolk Shapeshifter)           Turns: 2742, Time: 00:04:52

Health: 0/55       AC:  3    Str: 22    XL:     7   Next: 32%
Magic:  7/7        EV: 14    Int:  9    God:
Gold:   169        SH:  0    Dex: 14    Spells: 6/6 levels left

rFire   . .          .
                       - Unarmed
rCold   . . .        (no shield)
rNeg    . . .        l - +0 leather armour
rPois   .            (helmet currently unavailable)
rElec   .            (cloak currently unavailable)
rCorr   .            (gloves currently unavailable)
SInv    .            (boots currently unavailable)
Will    .....        h - amulet of faith
Stlth   +            p - +6 ring of strength
HPRegen 0.29/turn    (no ring)
MPRegen 0.10/turn

%: faith
@: beast-form, marked
A: beast (slay +2), (nimble swimmer 2), mertail
a: Begin Untransformation


You were on level 5 of the Dungeon.
You were a hulking beast.
You visited 1 branch of the dungeon, and saw 5 of its levels.

You collected 169 gold pieces.

Inventory:

Armour
 a - a +0 animal skin
 j - a +0 pair of boots
 l - a +0 leather armour (worn)
Jewellery
 h - an amulet of faith (around neck)
 k - the amulet "Joclysku" {RegenMP rN+++ Will- Dex-5 Stlth+}
   (You found it on level 2 of the Dungeon)

   [amulet of magic regeneration]

   RegenMP:   It increases your rate of magic regeneration.
   Dex-5:     It affects your dexterity (-5).
   rN+++:     It renders you almost immune to negative energy.
   Will-:     It decreases your willpower.
   Stlth+:    It makes you more stealthy.
 p - a +6 ring of strength (left hand)
 t - a ring of fire
Talismans
 c - a beast talisman
 d - a flux talisman
Wands
 m - a wand of roots (6)
Scrolls
 f - a scroll of poison
 i - 3 scrolls of teleportation
 n - a scroll of immolation {unknown}
 s - a scroll of amnesia {unknown}
Potions
 b - a potion of lignification
 e - a potion of mutation
 g - a potion of enlightenment
 o - a potion of haste {unknown}
 q - a potion of heal wounds {unknown}
 r - 2 potions of curing {unknown}


   Skills:
 + Level 4.8 Fighting
 + Level 6.2 Dodging
 + Level 5.8 Unarmed Combat
 - Level 4.0 Shapeshifting


You had 6 spell levels left.
You didn't know any spells.
Your spell library contained the following spells:

 Spells                   Type           Power      Damage    Failure   Level
 Call Canine Familiar     Summ           0%         N/A       80%         3
 Sigil of Binding         Hex            0%         N/A       80%         3
 Dimensional Bullseye     Hex/Tloc       0%         N/A       99%         4


Dungeon Overview and Level Annotations

Branches:
Dungeon (5/15)
 Temple: D:4-7

Altars:
Vehumet
Xom


Innate Abilities, Weirdness & Mutations

You are a hulking beast.
Your limbs bulge with bestial killing power. (Slay +2)
((You are very nimble when in or above water. (Stealth+, EV+, Speed+++)))
Your lower body shifts to a powerful aquatic tail in water.


Message History

You feel sick. The hound misses you.
You barely miss the hound.
The hound is severely wounded.
You feel sick.
You are no longer poisoned.
The hound completely misses you. The hound barely misses you.
You closely miss the hound.
The hound is severely wounded.
An orc wizard comes into view. It is wielding a +0 dagger.
The hound barely misses you.
You punch the hound!
You kill the hound!
A ribbon worm comes into view.
An iguana comes into view.
A ball python comes into view.
The iguana moves out of view.
The iguana hisses menacingly.
The ball python misses you. The ball python barely misses you.
A ball python comes into view.
The orc wizard mumbles some strange words.
The orc wizard flickers and vanishes!
Deactivating autopickup; reactivate with Ctrl-A.
You hit the iguana but do no damage. The ball python misses you.
The ball python grabs you. The ball python constricts you.
The iguana barely misses you.
An iguana comes into view.
You barely miss the iguana. The ball python bites you.
The ball python constricts you. The iguana bites you.
You hit the iguana.
The iguana is lightly wounded.
The ball python barely misses you. The ball python constricts you.
The iguana bites you.
You escape the ball python's grasp.
The ball python attacks as it pursues you!
The ball python barely misses you. The ball python closely misses you.
The iguana bites you! The iguana bites you!
* * * LOW HITPOINT WARNING * * *
An orc comes into view. It is wielding a +0 club.
The iguana barely misses you. The ball python bites you.
You die...

o.#...#
###S....#
#o††# #o###
#S# ######.##
#.......#
#...lS..#
#...h...#
#..l....#
######.......#
.............#
######....†..#
#<......#
#########


You could see 2 iguanas, an orc and 2 ball pythons.

Vanquished Creatures
  Grinder (D:3)
  A black bear (D:5)
  A bombardier beetle (D:3)
  2 hounds
  Natasha (thrice) (D:3)
  An adder (D:5)
  3 gnolls (D:2)
  A dart slug (D:3)
  A ribbon worm (D:3)
  An orc (D:4)
  4 bats
  3 endoplasms
  A giant cockroach (D:1)
  7 goblins
  3 hobgoblins
  7 jackals
  6 quokkas
  7 ball pythons
  4 frilled lizards
  4 kobolds
  5 rats
66 creatures vanquished.

Notes
Turn   | Place    | Note
-------+----------+-------------------------------------------
     0 | D:1      | Arcadio the Merfolk Shapeshifter began the quest for the
                  | Orb.
     0 | D:1      | Reached XP level 1. HP: 15/15 MP: 1/1
    15 | D:1      | Reached skill level 3 in Dodging
    53 | D:1      | Reached XP level 2. HP: 18/21 MP: 2/2
   408 | D:1      | Reached XP level 3. HP: 27/27 MP: 3/3
   735 | D:2      | Found a radiant altar of Vehumet.
   844 | D:2      | Identified the amulet "Joclysku" {RegenMP rN+++ Will- Dex-5
                  | Stlth+}
  1184 | D:2      | Reached XP level 4. HP: 9/34 MP: 4/4
  1410 | D:2      | Reached skill level 4 in Dodging
  1808 | D:3      | Found a faded altar of an unknown god.
  1926 | D:3      | Reached XP level 5. HP: 30/41 MP: 5/5
  1940 | D:3      | Found a shimmering altar of Xom.
  2145 | D:3      | Noticed Natasha
  2150 | D:3      | Killed Natasha
  2208 | D:3      | Noticed Grinder
  2215 | D:3      | Killed Grinder
  2216 | D:3      | Reached skill level 5 in Dodging
  2216 | D:3      | Reached skill level 5 in Unarmed Combat
  2216 | D:3      | Reached XP level 6. HP: 30/48 MP: 6/6
  2345 | D:3      | Noticed Natasha
  2353 | D:3      | Killed Natasha
  2503 | D:3      | Noticed Natasha
  2510 | D:3      | Killed Natasha
  2643 | D:4      | Reached XP level 7. HP: 49/55 MP: 7/7
  2672 | D:5      | Entered Level 5 of the Dungeon
  2680 | D:5      | Reached skill level 6 in Dodging
  2741 | D:5      | HP: 2/55 [iguana (14)]
  2742 | D:5      | Slain by a ball python

Illustrated notes

Levels and vault maps discovered:
D:1:      dpeg_arrival_arbitrary_c, layout_basic, chequers_garden,
          nicolae_the_louvre
D:2:      layout_loops_corners, basic_altar, chequers_serial_rivers_marsh
D:3:      layout_loops_cross, mainiacjoe_overflow_chevrons,
          hellmonk_ecumenical_altar_leap_of_faith, uniq_natasha, uniq_grinder
D:4:      layout_cave_pools, nicolae_tso_swordbearing_angel,
          amcnicky_mini_pool_small, hangedman_decor_lopped,
          kennysheep_cluttered_room, minivault_24
D:5:      layout_rooms, cheibrodos_sewer_entry_drain, minmay_quadrilaterals

Skill      XL: |  1  2  3  4  5  6  7 |
---------------+----------------------+-----
Dodging        | 3 4 5 6 |  6.2
Fighting       | 2 3 4 |  4.8
Unarmed Combat | 4 5 |  5.8
Shapeshifting  | |  4.0

Action                     |  1- 3 |  4- 6 |  7- 9 || total
---------------------------+-------+-------+-------++-------
  Melee: Unarmed           |    92 |    82 |    27 ||   201
         Punch             |     3 |     3 |       ||     6
    Use: Scroll            |       |     5 |       ||     5
         Potion            |       |     1 |       ||     1
   Stab: Sleeping          |     4 |     2 |       ||     6
 Armour: Animal skin       |    42 |       |       ||    42
         Leather armour    |     6 |    29 |    14 ||    49
  Dodge: Dodged            |    83 |    43 |    34 ||   160
